 Dungeon Crawl Stone Soup version 0.31-a0-819-gf6de2f5ab6 (webtiles) character file.

Game seed: 2634838729854135307

114 Shayle the Trooper (level 4, -1/45 HPs)
             Began as an Ogre Hexslinger on Sept 23, 2023.
             Slain by a scorpion (5 damage)
             ... on level 3 of the Dungeon.
             The game lasted 00:03:13 (2573 turns).

Shayle the Trooper (Ogre Hexslinger)                Turns: 2573, Time: 00:03:14

Health: -1/45      AC:  3    Str: 12    XL:     4   Next: 98%
Magic:  7/7        EV: 10    Int: 16    God:
Gold:   167        SH:  0    Dex: 11    Spells: 8/8 levels left

rFire   . . .        a - +1 sling
rCold   . . .        (no shield)
rNeg    . . .        c - +0 robe
rPois   .            (helmet restricted)
rElec   .            (no cloak)
rCorr   .            (gloves unavailable)
SInv    .            (boots unavailable)
Will    .....        (no amulet)
Stlth   +            (no ring)
HPRegen 0.27/turn    (no ring)
MPRegen 0.10/turn

%: no passive effects
@: lethally poisoned (-1 -> -5)
A: large, unfitting armour, tough skin 1
a: no special abilities


You were on level 3 of the Dungeon.
You visited 1 branch of the dungeon, and saw 4 of its levels.

You collected 167 gold pieces.

Inventory:

Hand Weapons
 a - a +1 sling (weapon)
 k - a +1 whip of pain
Armour
 c - a +0 robe (worn)
Jewellery
 f - a ring of ice
Scrolls
 b - 2 scrolls of poison
 d - a scroll of teleportation {unknown}
 h - 2 scrolls of amnesia
 l - a scroll of brand weapon {unknown}
 m - 2 scrolls of noise {unknown}
 o - a scroll of fear {unknown}
Potions
 e - 2 potions of attraction
 g - 2 potions of heal wounds
 i - a potion of curing
 n - a potion of lignification {unknown}


   Skills:
 + Level 3.2 Fighting
 - Level 1.4 Ranged Weapons
 - Level 1.7 Dodging
 + Level 2.6 Spellcasting
 - Level 2.7 Hexes
 + Level 2.1 Fire Magic
 + Level 2.1 Invocations


You had 8 spell levels left.
You didn't know any spells.
Your spell library contained the following spells:

 Spells                   Type           Power      Damage    Failure   Level
 Jinxbite                 Hex            20%        N/A       10%         2
 Sigil of Binding         Hex            10%        N/A       19%         3
 Inner Flame              Hex/Fire       9%         N/A       22%         3
 Cause Fear               Hex            5%         N/A       54%         4
 Dimensional Bullseye     Hex/Tloc       3%         N/A       73%         4


Dungeon Overview and Level Annotations

Branches:
Dungeon (4/15)
 Temple: D:4-7

Altars:

Annotations:
D:4 Eustachio


Innate Abilities, Weirdness & Mutations

You are too large for most types of armour.
You have tough skin. (AC +1)


Message History

You climb upwards.
There is a stone staircase leading down here.
You shoot a sling bullet.
The sling bullet barely misses the scorpion.
The hobgoblin hits you. The scorpion stings you.
You are poisoned.
The scorpion poisons you! The hobgoblin barely misses you.
You shoot a sling bullet.
The sling bullet hits the scorpion but does no damage.
The scorpion is moderately wounded.
You feel very sick. The scorpion misses you. The scorpion stings you.
The hobgoblin barely misses you.
You shoot a sling bullet.
The sling bullet closely misses the scorpion.
You feel sick. The scorpion closely misses you.
The hobgoblin hits you but does no damage.
The scorpion stings you.
You shoot a sling bullet.
The sling bullet closely misses the scorpion.
You feel sick. The hobgoblin misses you. The scorpion stings you.
You are more poisoned.
The scorpion poisons you! The hobgoblin misses you.
You shoot a sling bullet.
The sling bullet closely misses the scorpion.
You feel very sick. The scorpion stings you.
* * * LOW HITPOINT WARNING * * *
The hobgoblin misses you. The scorpion completely misses you.
You shoot a sling bullet. The sling bullet hits the scorpion.
The scorpion is heavily wounded.
You feel very sick. The scorpion barely misses you.
The hobgoblin barely misses you.
You shoot a sling bullet.
The sling bullet hits the scorpion but does no damage.
The scorpion is heavily wounded.
You feel sick. The scorpion stings you.
* * * LOW HITPOINT WARNING * * *
The hobgoblin barely misses you. The scorpion stings you.
You die...

############# #...........#
#...........#
#...........####
#######........s.....#
......'........g@....#
#######..............#
#..............# ##
#...........###############
.#
#..................†.......
.###
###########.###############.
...# #...............#.# #.
##.#
#.#########.###.#.#########.
#.###.### #...#
#.#........##.


You could see a scorpion and a hobgoblin.

Vanquished Creatures
  A hound (D:3)
  2 adders (D:3)
  An ufetubus (D:3)
  2 worms (D:2)
  2 dart slugs
  7 bats
  7 endoplasms
  2 giant cockroaches
  4 goblins
  2 hobgoblins
  6 kobolds
  5 quokkas
  3 ball pythons
  5 frilled lizards
  A rat (D:2)
50 creatures vanquished.

Notes
Turn   | Place    | Note
-------+----------+-------------------------------------------
     0 | D:1      | Shayle the Ogre Hexslinger began the quest for the Orb.
     0 | D:1      | Reached XP level 1. HP: 19/19 MP: 2/2
    87 | D:1      | Reached skill level 1 in Fire Magic
   290 | D:1      | Reached XP level 2. HP: 28/28 MP: 2/4
   546 | D:1      | Reached skill level 2 in Fighting
   546 | D:1      | Reached skill level 1 in Invocations
   769 | D:2      | Reached XP level 3. HP: 20/35 MP: 5/5
  1781 | D:3      | Reached XP level 4. HP: 15/44 MP: 7/7
  2004 | D:3      | Reached skill level 3 in Fighting
  2406 | D:4      | Noticed Eustachio
  2558 | D:4      | Noticed a scorpion
  2573 | D:3      | Slain by a scorpion

Illustrated notes

Levels and vault maps discovered:
D:1:      dpeg_arrival_rhombi, layout_basic, st_stairs_9
D:2:      layout_basic, kennysheep_cross_bottleneck
D:3:      layout_basic, chequers_serial_rivers_large_a
D:4:      layout_cave_pools, elyvilon_altar_3, uniq_eustachio

Skill      XL: |  1  2  3  4 |
---------------+-------------+-----
Fire Magic     | 1 2 |  2.1
Fighting       | 2 3 |  3.2
Invocations    | 1 2 |  2.1
Spellcasting   | 2 |  2.6
Ranged Weapons | |  1.4
Dodging        | |  1.7
Hexes          | |  2.7

Action                     |  1- 3 |  4- 6 || total
---------------------------+-------+-------++-------
   Fire: Sling             |   154 |    84 ||   238
    Use: Scroll            |       |     4 ||     4
 Armour: Robe              |    41 |    80 ||   121
  Dodge: Dodged            |    34 |    68 ||   102

Table legend: (Time is in decaauts)
 A = Elapsed time spent in this place.
 B = Non-inter-level travel time spent in this place.
 C = Inter-level travel time spent in this place.
 D = Time resting spent in this place.
 E = Time spent auto-exploring this place.
 F = Levels seen in this place.
 G = Mean time per level.
                   A        B        C        D        E       F      G
               +--------+--------+--------+--------+--------+-----+--------+
         Total |   2652 |   2561 |     91 |    238 |   1868 |   4 |  663.0 |
       Dungeon |   2652 |   2561 |     91 |    238 |   1868 |   4 |  663.0 |
               +--------+--------+--------+--------+--------+-----+--------+

Top non-repeatable levels by time:
     D:3: 1014 daAuts
     D:2: 877 daAuts
     D:1: 722 daAuts
     D:4: 38 daAuts
